 Dungeon Crawl Stone Soup version 0.26-a0-712-ga5a9c9c9d0 (webtiles) character file.

Game seed: 11532970069551428064

214 Azzok the Cudgeler (level 5, -9/61 HPs)
             Began as a Demonspawn Berserker on Nov 5, 2020.
             Was a Priest of Trog.
             Mangled by an ogre
             ... wielding a +0 giant club
              (13 damage)
             ... on level 4 of the Dungeon.
             The game lasted 00:03:15 (3049 turns).

Azzok the Cudgeler (Demonspawn Berserker)           Turns: 3049, Time: 00:03:15

Health: -9/61      AC:  6    Str: 18    XL:     5   Next: 60%
Magic:  5/5        EV:  7    Int:  8    God:    Trog [***...]
Gold:   146        SH: 22    Dex: 13    Spells: 4/4 levels left

rFire    . . .     SeeInvis .   a - +0 mace
rCold    . . .     Faith    .   k - +2 kite shield
rNeg     . . .     Spirit   .   i - +0 scale mail
rPois    .         Reflect  +   (no helmet)
rElec    .         Harm     .   (no cloak)
rCorr    .         Rampage  .   (no gloves)
MR       .....                  (no boots)
Stlth    ..........             l - amulet of reflection
HPRegen  0.20/turn              (no ring)
MPRegen  0.09/turn              (no ring)

@: mighty, berserking, very quick
A: large bone plates 2, powered by pain 1
a: Berserk, Trog's Hand, Renounce Religion


You were on level 4 of the Dungeon.
You worshipped Trog.
Trog was most pleased with you.
You visited 1 branch of the dungeon, and saw 4 of its levels.

You collected 146 gold pieces.

Inventory:

Hand Weapons
 a - a +0 mace (weapon)
Armour
 i - a +0 scale mail (worn)
 k - a +2 kite shield (worn)
Jewellery
 g - an uncursed ring of ice
 l - an amulet of reflection (around neck)
Wands
 m - a wand of acid (9)
Scrolls
 b - a scroll of immolation {unknown}
 c - 3 scrolls of identify {unknown}
 d - 2 scrolls of random uselessness {unknown}
 j - a scroll of fear {unknown}
 n - a scroll of teleportation {unknown}
 o - 2 scrolls of remove curse {unknown}
 p - a scroll of blinking {unknown}
Potions
 e - a potion of invisibility {unknown}
 f - a potion of lignification {unknown}
 h - 3 potions of curing {unknown}
 q - a potion of might {unknown}


   Skills:
 - Level 3.0 Fighting
 + Level 4.9 Maces & Flails
 - Level 1.7 Armour
 - Level 1.7 Dodging
 + Level 2.9 Shields


You had 4 spell levels left.
You didn't know any spells.
Your spell library was empty.

Dungeon Overview and Level Annotations

Branches:
Dungeon (4/15)
 Temple: D:4-7

Altars:
Ashenzari


Innate Abilities, Weirdness & Mutations

You are mostly covered in large bone plates. (SH +6)
You sometimes gain a little power by taking damage.


Message History

You block the ogre's attack.
You block the bullfrog skeleton's attack.
You hit the bullfrog skeleton.
The bullfrog skeleton is moderately damaged.
You block the bullfrog skeleton's attack.
The ogre hits you with a +0 giant club!
You block the bullfrog skeleton's attack.
You barely miss the bullfrog skeleton.
The bullfrog skeleton is moderately damaged.
You block the bullfrog skeleton's attack.
The ogre hits you with a +0 giant club!!
Ouch! That really hurt!
* * * LOW HITPOINT WARNING * * *
You focus on the pain.
You feel very mighty all of a sudden.
You block the bullfrog skeleton's attack.
A red film seems to cover your vision as you go berserk!
You feel yourself moving faster!
You feel mighty! The ogre hits you with a +0 giant club!
You die...

▒▒▒▒ ···
▒▒··▒▒··· ╬····▒
··▒▒▒ ▒··ZO▒
··>·▒ ···▒
▒·@▒▒▒▒···╬ ····▒
▒▒'▒··▒▒··▒ ····
▒▒····'··▒ ···
▒····▒··▒ ▒'▒▒
▒▒··▒▒··▒▒▒▒▒▒▒▒▒
···▒
▒╬▒▒············
···▒
▒············
)··▒▒
▒············
····▒▒
▒············


You could see an ogre and a bullfrog skeleton.

Vanquished Creatures
  A scorpion (D:4)
  A worker ant (D:4)
  3 gnolls (D:2)
  3 adders
  3 worms
  2 leopard geckos
  2 orcs
  8 bats
  3 giant cockroaches
  3 goblins
  7 hobgoblins
  15 jackals
  8 kobolds
  A quokka (D:2)
  2 ball pythons
  4 frilled lizards
  7 rats
73 creatures vanquished.

Notes
Turn   | Place    | Note
-------+----------+-------------------------------------------
     0 | D:1      | Azzok the Demonspawn Berserker began the quest for the Orb.
     0 | D:1      | Reached XP level 1. HP: 18/18 MP: 1/1
   309 | D:1      | Reached skill level 3 in Maces & Flails
   449 | D:1      | Gained mutation: You are partially covered in large bone
                  | plates. (SH +4) [demonic ancestry]
   449 | D:1      | Reached XP level 2. HP: 22/24 MP: 2/2
   982 | D:2      | Found a broken altar of Ashenzari.
  1165 | D:2      | Reached ** piety under Trog
  1360 | D:2      | Gained mutation: You are mostly covered in large bone
                  | plates. (SH +6) [demonic ancestry]
  1360 | D:2      | Reached XP level 3. HP: 25/29 MP: 3/3
  1365 | D:2      | Reached skill level 1 in Shields
  1367 | D:2      | Reached skill level 4 in Maces & Flails
  1769 | D:3      | Gained mutation: You sometimes gain a little power by
                  | taking damage. [demonic ancestry]
  1769 | D:3      | Reached XP level 4. HP: 35/35 MP: 4/4
  2405 | D:3      | Reached *** piety under Trog
  2721 | D:4      | Reached XP level 5. HP: 41/41 MP: 5/5
  3043 | D:4      | Noticed an ogre
  3048 | D:4      | HP: 2/41 [ogre/+0 giant club (21)]
  3049 | D:4      | Mangled by an ogre

Illustrated notes

Levels and vault maps discovered:
D:1:      lightli_arrival_statuegarden, layout_basic
D:2:      layout_basic, ashenzari_altar_1
D:3:      layout_loops_corners, serial_park_tiny_pond
D:4:      minmay_bubble_buster, layout_gridville, uniq_menkaure, uniq_duvessa

Skill      XL: |  1  2  3  4 |
---------------+-------------+-----
Maces & Flails | 3 4 |  4.9
Shields        | 1 2 |  2.9
Fighting       | |  3.0
Armour         | |  1.7
Dodging        | |  1.7

Action                   |  1- 3 |  4- 6 || total
-------------------------+-------+-------++-------
Melee: Mace              |   114 |   137 ||   251
Invok: Berserk           |     1 |     2 ||     3
Armor: Ring mail         |    16 |       ||    16
       Animal skin       |     2 |       ||     2
       Scale mail        |    20 |    16 ||    36
Dodge: Dodged            |    40 |    18 ||    58
Block: Kite shield       |    66 |   153 ||   219
       Other             |     4 |       ||     4
       Reflection        |       |     1 ||     1

Table legend: (Time is in decaauts)
 A = Elapsed time spent in this place.
 B = Non-inter-level travel time spent in this place.
 C = Inter-level travel time spent in this place.
 D = Time resting spent in this place.
 E = Time spent auto-exploring this place.
 F = Levels seen in this place.
 G = Mean time per level.
                   A        B        C        D        E       F      G
               +--------+--------+--------+--------+--------+-----+--------+
         Total |   3129 |   3034 |     95 |    152 |   2252 |   4 |  782.2 |
       Dungeon |   3129 |   3034 |     95 |    152 |   2252 |   4 |  782.2 |
               +--------+--------+--------+--------+--------+-----+--------+

Top non-repeatable levels by time:
     D:3: 1095 daAuts
     D:1: 901 daAuts
     D:2: 766 daAuts
     D:4: 365 daAuts
